 Dungeon Crawl Stone Soup version 0.27-a0-333-gfa571bf19a (webtiles) character file.

Game seed: 6020422901262216321

712756 timneilson the Hoplite (level 27, -2/177 HPs)
             Began as a Gargoyle Fighter on Feb 12, 2021.
             Was a High Priest of Okawaru.
             Killed from afar by a golden dragon (4 damage)
             ... with a bolt of cold
             ... on level 5 of the Realm of Zot on Feb 13, 2021.
             The game lasted 02:59:39 (74166 turns).

timneilson the Hoplite (Gargoyle Fighter)          Turns: 74166, Time: 02:59:40

Health: -2/177     AC: 70    Str: 37 (40) XL:     27
Magic:  25/29      EV: 10    Int:  4 (7)  God:    Okawaru [*****.]
Gold:   6252       SH: 28    Dex:  9 (11) Spells: 26/26 levels left

rFire    + + .     SeeInvis +   q - +8 autumn katana {vorpal, Clar}
rCold    + + +     Faith    .   p - +3 kite shield of Loss {*Drain rN+++ Int-4 SInv}
rNeg     + + +     Spirit   .   F - +9 gold dragon scales
rPois    ∞         Reflect  +   a - +2 helmet
rElec    +         Harm     .   I - +0 cloak {rCorr}
rCorr    +         Rampage  .   O - +1 pair of gloves of Apsexomn {Dex+2}
Will     ++...     Clarity  +   D - +2 pair of boots of Compassion {rC+++}
Stlth    ..........             U - amulet of Disaster {Reflect rPois Str+3 Slay+2 SH+5}
HPRegen  0.39/turn              c - +6 ring of strength
MPRegen  0.21/turn              y - ring of protection from fire

@: heroism, finesse, marked, hasted, very quick
A: big wings, low mp 2, negative energy resistance 1, electricity resistance,
unbreathing, petrification resistance, miasma immunity, AC +20
}: 3/15 runes: decaying, serpentine, silver
a: Fly, Renounce Religion, Heroism, Finesse


You were on level 5 of the Realm of Zot.
You worshipped Okawaru.
Okawaru was extremely pleased with you.
You visited 10 branches of the dungeon, and saw 52 of its levels.
You visited the Abyss 3 times.
You visited 1 bazaar.
You also visited: Trove, Ossuary, Ice Cave and Volcano.

You collected 9237 gold pieces.
You spent 2985 gold pieces at shops.

Inventory:

Hand Weapons
 q - the +8 autumn katana (weapon) {vorpal, Clar}
   (Okawaru gifted it to you on level 6 of the Lair of Beasts)

   It inflicts extra damage upon your enemies.
   It protects you against confusion.
 V - the +7 scimitar of Destiny {flame, +Blink Dex+6}
   (You found it on level 6 of the Lair of Beasts)

   It has been specially enchanted to burn those struck by it, causing extra
   injury to most foes and up to half again as much damage against particularly
   susceptible opponents.
   Big, fiery blades are also staple armaments of hydra-hunters.
   It affects your dexterity (+6).
   It lets you blink.
Armour
 a - a +2 helmet (worn)
 p - the +3 kite shield of Loss (worn) {*Drain rN+++ Int-4 SInv}
   (You acquired it on level 4 of the Swamp)

   It affects your intelligence (-4).
   It renders you almost immune to negative energy.
   It lets you see invisible.
   It causes draining when unequipped.
 D - the +2 pair of boots of Compassion (worn) {rC+++}
   (Okawaru gifted it to you on level 3 of the Crypt)

   It renders you almost immune to cold.
 F - +9 gold dragon scales (worn)
 I - a +0 cloak of preservation (worn)
 O - the +1 pair of gloves of Apsexomn (worn) {Dex+2}
   (Okawaru gifted it to you on level 5 of the Lair of Beasts)

   It affects your dexterity (+2).
Jewellery
 c - a +6 ring of strength (left hand)
 g - an amulet of guardian spirit
 s - a ring of willpower
 u - a ring of willpower
 y - a ring of protection from fire (right hand)
 B - a ring of ice
 N - an amulet of magic regeneration
 U - the amulet of Disaster (around neck) {Reflect rPois Str+3 Slay+2 SH+5}
   (You bought it in a shop in a bazaar)

   [amulet of reflection]

   It shields you and reflects attacks.
   It affects your strength (+3).
   It affects your accuracy and damage with ranged weapons and melee attacks
   (+2).
   It protects you from poison.
   It affects your SH (+5).
Wands
 m - a wand of polymorph (7)
 r - a wand of mindburst (53)
 C - a wand of acid (58)
 E - a wand of digging (13)
 J - a wand of flame (174)
 Q - a wand of iceblast (59)
Scrolls
 l - 8 scrolls of fear
 v - 14 scrolls of enchant weapon
 A - 28 scrolls of teleportation
 H - 7 scrolls of fog
 K - 3 scrolls of blinking
 M - 14 scrolls of identify
 W - 2 scrolls of holy word
Potions
 b - 9 potions of mutation
 d - 12 potions of might
 e - 20 potions of curing
 h - 6 potions of berserk rage
 i - 6 potions of cancellation
 k - 3 potions of resistance
 n - 2 potions of invisibility
 o - 13 potions of attraction
 w - 4 potions of haste
 L - a potion of ambrosia
Miscellaneous
 j - a lightning rod (4/4)
 t - a phantom mirror
 G - a phantom mirror
 S - a condenser vane
 T - a tin of tremorstones (2/2)


   Skills:
 + Level 19.3(24.3) Fighting
 * Level 23.1(27) Long Blades
 * Level 25.4(27) Armour
 * Level 25.4(27) Shields
 + Level 18.9 Invocations
 + Level 16.5 Evocations


You had 26 spell levels left.
You didn't know any spells.
Your spell library contained the following spells:

 Spells                   Type           Power        Failure   Level
 Animate Skeleton         Necr           0%           92%         1
 Apportation              Tloc           0%           92%         1
 Beastly Appendage        Tmut           0%           92%         1
 Corona                   Hex            0%           92%         1
 Foxfire                  Conj/Fire      0%           92%         1
 Magic Dart               Conj           0%           92%         1
 Pain                     Necr           0%           92%         1
 Sandblast                Erth           0%           92%         1
 Shock                    Conj/Air       0%           92%         1
 Sting                    Tmut/Pois      0%           92%         1
 Summon Small Mammal      Summ           0%           92%         1
 Blink                    Tloc           N/A          98%         2
 Call Imp                 Summ           0%           98%         2
 Ensorcelled Hibernation  Hex/Ice        0%           98%         2
 Passwall                 Tmut/Erth      0%           98%         2
 Poisonous Vapours        Pois/Air       0%           98%         2
 Slow                     Hex            0%           98%         2
 Swiftness                Air            0%           98%         2
 Wereblood                Tmut           0%           98%         2
 Call Canine Familiar     Summ           0%           100%        3
 Confusing Touch          Hex            0%           100%        3
 Conjure Flame            Conj/Fire      0%           100%        3
 Dazzling Flash           Conj/Hex       0%           100%        3
 Gell's Gravitas          Tloc           0%           100%        3
 Ignite Poison            Fire/Tmut/Pois 0%           100%        3
 Inner Flame              Hex/Fire       0%           100%        3
 Lesser Beckoning         Tloc           0%           100%        3
 Mephitic Cloud           Conj/Pois/Air  0%           100%        3
 Portal Projectile        Hex/Tloc       0%           100%        3
 Spider Form              Tmut/Pois      0%           100%        3
 Static Discharge         Conj/Air       0%           100%        3
 Stone Arrow              Conj/Erth      0%           100%        3
 Summon Guardian Golem    Hex/Summ       0%           100%        3
 Tukima's Dance           Hex            0%           100%        3
 Vampiric Draining        Necr           0%           100%        3
 Airstrike                Air            0%           100%        4
 Animate Armour           Summ/Erth      0%           100%        4
 Animate Dead             Necr           0%           100%        4
 Cause Fear               Hex            0%           100%        4
 Dispel Undead            Necr           0%           100%        4
 Ice Form                 Ice/Tmut       0%           100%        4
 Iskenderun's Mystic Bla  Conj/Tloc      0%           100%        4
 Leda's Liquefaction      Hex/Erth       0%           100%        4
 Olgreb's Toxic Radiance  Pois           0%           100%        4
 Passage of Golubria      Tloc           N/A          100%        4
 Petrify                  Tmut/Erth      0%           100%        4
 Sticky Flame             Conj/Fire      0%           100%        4
 Summon Ice Beast         Ice/Summ       0%           100%        4
 Summon Lightning Spire   Summ/Air       0%           100%        4
 Agony                    Necr           0%           100%        5
 Alistair's Intoxication  Tmut/Pois      0%           100%        5
 Blade Hands              Tmut           0%           100%        5
 Bolt of Magma            Conj/Fire/Erth 0%           100%        5
 Borgnjor's Vile Clutch   Necr/Erth      0%           100%        5
 Fireball                 Conj/Fire      0%           100%        5
 Irradiate                Conj/Tmut      0%           100%        5
 Iskenderun's Battlesphe  Conj           0%           100%        5
 Lee's Rapid Deconstruct  Erth           0%           100%        5
 Lightning Bolt           Conj/Air       0%           100%        5
 Metabolic Englaciation   Hex/Ice        0%           100%        5
 Silence                  Hex/Air        0%           100%        5
 Yara's Violent Unravell  Hex/Tmut       0%           100%        5
 Conjure Ball Lightning   Conj/Air       0%           100%        6
 Death Channel            Necr           0%           100%        6
 Dispersal                Tloc           0%           100%        6
 Eringya's Noxious Bog    Tmut/Pois      0%           100%        6
 Freezing Cloud           Conj/Ice/Air   0%           100%        6
 Hydra Form               Tmut           0%           100%        6
 Invisibility             Hex            0%           100%        6
 Iron Shot                Conj/Erth      0%           100%        6
 Simulacrum               Ice/Necr       0%           100%        6
 Dragon Form              Tmut           0%           100%        7
 Malign Gateway           Summ/Tloc      0%           100%        7
 Orb of Destruction       Conj           0%           100%        7
 Ozocubu's Refrigeration  Ice            0%           100%        7
 Spellforged Servitor     Conj/Summ      0%           100%        7
 Discord                  Hex            0%           100%        8
 Ignition                 Fire           0%           100%        8
 Shatter                  Erth           0%           100%        9
 Tornado                  Air            0%           100%        9
 Sublimation of Blood     Necr           Unusable     N/A         2
 Statue Form              Tmut/Erth      Unusable     N/A         6

Dungeon Overview and Level Annotations

Branches:
Dungeon (15/15)            Temple (0/1) D:7            Lair (6/6) D:10
  Swamp (4/4) Lair:2        Snake (4/4) Lair:3        Slime (0/5) Lair:6
    Orc (2/2) D:10            Elf (3/3) Orc:2        Vaults (5/5) D:13
  Crypt (3/3) Vaults:3       Tomb (0/3) Crypt:3      Depths (5/5) D:15
    Zot (5/5) Depths:5    Ossuary (visited)           IceCv (visited)
Volcano (visited)

Altars:
Cheibriados
Dithmenos
Elyvilon
Gozag
Kikubaaqudgha
Makhleb
Okawaru
Qazlal
Trog
Uskayaw
Vehumet
Wu Jian
Xom
Yredelemnul
Zin
The Shining One
Beogh
Jiyva
Lugonu

Shops:
D:6 !::   D:8 !*   D:14 *   Orc:1 [   Orc:2 [[((   Elf:1 **(*   Elf:2 !
Vaults:1 [   Vaults:5 (   Depths:1 **=:=(*   Depths:5 (=[

Portals:
Hell: Depths:1 Depths:2 Depths:3 Depths:4 Depths:5
Abyss: Depths:2 Depths:4 Depths:5
Pandemonium: Depths:1 Depths:3
Ziggurat: Depths:2


Innate Abilities, Weirdness & Mutations

You are resistant to torment.
Your stone body is resilient. (AC +20)
You are immune to poison.
Your large and strong wings let you fly indefinitely.
You resist negative energy. (rN+)
You are resistant to electric shocks. (rElec)
You can survive without breathing.
You are immune to petrification.
You are immune to miasma.
Your magical capacity is very low. (-20% MP)


Message History

You feel better.
The Orb Guardian pulls the alarm!
The alarm trap emits a blaring wail!
A sentinel's mark forms upon you. You block the Executioner's attack. x2
The Executioner hits you but does no damage.
You hear a shout!
You barely miss the Executioner.
The Killer Klown blinks!
You block the Executioner's attack.
The Executioner hits you but does no damage. x2
You slash the Executioner!
The Executioner is moderately wounded.
You block the Executioner's attack. x2
The Executioner hits you but does no damage.
You chop the Executioner into pieces!!!
The Executioner is almost dead.
The Orb Guardian disappears!
The green draconian monk disappears!
The Killer Klown blinks!
You slash the Executioner!
You kill the Executioner!
The Orb Guardian hits you!!
* * * LOW HITPOINT WARNING * * *
You hit the Orb Guardian but do no damage.
The Orb Guardian is heavily wounded.
You block the Orb Guardian's attack.
You slice the Orb Guardian!!
The Orb Guardian is severely wounded.
You slice the Orb Guardian!!
You kill the Orb Guardian!
Okawaru accepts your kill. The Killer Klown pies you viciously!
The klown pie hits you!
Raspberry!
You feel weakened.
You feel dopey.
You feel clumsy.
* * * LOW HITPOINT WARNING * * *
As you read the scroll of summoning, it crumbles to dust.
Wisps of shadow whirl around you...
The curse toe disappears!
The golden dragon breathes cold at you.
The bolt of cold hits your golden dragon!!
Your golden dragon resists.
The bolt of cold hits you. You resist.
You die...

................)...#
...................##
##...............⌠.#
#▓▓▓▓################ #
**,,,....(......## #
##..^.............##
##.....^........y...##
#..............D.....#
#............D@......#
#...........D.p......#
#..........^.........# #
#..^.................#
###.......y............#
.###......)..§........##
...##......))........##
#..^........).§L....##
#▓▓▓▓▓▓▓▓▓▓▓##.☼..^▓▓


You could see a Killer Klown (ally target), a golden dragon (catching breath,
ally target), a dread lich, a moth of wrath, a friendly golden dragon
(summoned), a friendly storm dragon (summoned) and a friendly moth of wrath
(summoned).

Vanquished Creatures
  4 dread liches
  2 orbs of fire (Zot:5)
  Mara (Snake:4)
  6 ancient liches
  A royal mummy (Crypt:2)
  the Lernaean hydra (Swamp:4)
  Frederick (Vaults:4)
  Margery (Vaults:3)
  Bai Suzhen (Vaults:3)
  4 caustic shrikes (Depths:2)
  A curse toe (Zot:3)
  9 golden dragons
  The ghost of Naexzyxton the Sensei, a veteran MfWn of Elyvilon (Crypt:2)
  Jory (Depths:4)
  The ghost of Kucw the Warrior, an adept GrFi of Cheibriados (Crypt:2)
  4 electric golems
  The ghost of Yveapn the Impregnable, an adept MiFi of Uskayaw (Snake:1)
  26 tentacled monstrosities
  A shard shrike zombie (Crypt:1)
  2 liches (Crypt:3)
  4 titans (Vaults:5)
  20 Orb Guardians (Zot:5)
  5 deep elf blademasters
  3 quicksilver dragons
  4 acid blobs (Depths:1)
  3 deep elf master archers (Elf:3)
  An ancient champion (Crypt:2)
  A tentacled starspawn (Abyss:2)
  Agnes (D:14)
  5 sphinxes
  21 storm dragons
  4 death cobs
  7 shadow dragons
  An azure jelly (Depths:1)
  4 tengu reavers
  4 draconian monks
  2 fenstrider witches
  2 revenants
  3 thorn hunters (Swamp:1)
  A daeva (Depths:3)
  12 vault wardens
  An iron dragon (Depths:4)
  12 fire giants
  The ghost of tinescath the Eclecticist, an adept DEFE of Vehumet (Swamp:1)
  12 nagarajas
  3 draconian shifters
  12 deep elf sorcerers
  6 draconian knights
  Louise (Depths:2)
  4 draconian scorchers
  Aizul (Swamp:4)
  10 ghouls
  2 ghost moths
  An orc warlord (D:14)
  A juggernaut zombie (Depths:3)
  13 frost giants
  3 draconian stormcallers
  6 deep elf elementalists
  4 curse skulls
  7 draconian annihilators
  18 stone giants
  6 war gargoyles
  10 ironheart preservers
  25 very ugly things
  14 vampire knights
  The ghost of GEC the Devastator, a journeyman DECj of Sif Muna (D:14)
  An entropy weaver (Vaults:4)
  12 green draconians
  8 deep elf demonologists
  8 black draconians
  A lorocyproca (Depths:1)
  15 yellow draconians
  5 bunyips
  15 deep elf annihilators
  6 purple draconians
  7 white draconians
  11 red draconians
  9 deep elf death magi
  16 ettins
  5 death oozes (Depths:1)
  8 eidola
  4 eleionomae
  Josephine (D:14)
  2 shambling mangroves
  6 deep elf high priests
  Harold (D:10)
  10 fire dragons
  15 yaktaur captains
  30 vault guards
  12 jiangshi
  A great orb of eyes (shapeshifter) (Vaults:5)
  A monstrous demonspawn (Depths:3)
  9 rakshasas
  5 great orbs of eyes
  15 naga warriors
  4 ghost crabs
  A quicksilver dragon skeleton (Depths:3)
  19 hydras
  5 centaur warriors
  9 ice dragons
  5 death knights
  3 spriggan air magi
  6 boulder beetles
  A merfolk avatar (Lair:6)
  31 two-headed ogres
  30 dancing weapons
  10 ogre magi
  21 anacondas
  Erica (D:10)
  4 spriggan berserkers
  7 alligators
  3 thrashing horrors (Abyss:2)
  6 deep troll shamans
  4 shock serpents
  15 death yaks
  6 deep troll earth magi
  11 naga sharpshooters
  5 tengu warriors
  A titan zombie (Crypt:2)
  Sonja (D:11)
  11 vampire magi
  A sun demon (Volcano)
  32 hell knights
  An orc high priest (D:14)
  21 deep elf knights
  2 iron trolls (Depths:2)
  2 storm dragon skeletons
  7 salamander mystics
  A wretched star (Abyss:2)
  A fire crab (shapeshifter) (Vaults:1)
  A titan skeleton (Crypt:2)
  2 golden dragon zombies
  3 shadow wraiths
  6 goliath frogs
  5 sea snakes
  22 skeletal warriors
  3 unseen horrors
  7 naga ritualists
  3 death drakes (Swamp:1)
  11 deep trolls
  4 spriggan druids
  4 glowing orange brains
  15 ironbrand convokers
  An unseen horror (shapeshifter) (D:15)
  9 flayed ghosts
  5 starcursed masses (Abyss:2)
  2 obsidian statues
  29 phantasmal warriors
  An infernal demonspawn (Depths:1)
  A golden dragon skeleton (Crypt:1)
  A wizard (Depths:1)
  25 orc knights
  8 swamp dragons (Swamp:4)
  A harpy (shapeshifter) (Vaults:3)
  A shadow dragon zombie (Vaults:4)
  2 sphinx zombies (Depths:3)
  14 bog bodies
  An orb spider (shapeshifter) (Vaults:3)
  10 mana vipers
  7 harpies
  12 necromancers
  18 deep elf archers
  40 deep elf pyromancers
  22 deep elf zephyrmancers
  38 ugly things
  6 wolf spiders
  A sphinx skeleton (Depths:3)
  2 iron dragon zombies
  A salamander (shapeshifter) (Vaults:5)
  3 fire giant zombies (Depths:4)
  An orc sorcerer (Vaults:4)
  A cyclops (shapeshifter) (Vaults:2)
  3 cyclopes
  4 will-o-the-wisps
  3 stone giant zombies
  A mana viper (shapeshifter) (Vaults:4)
  2 worldbinders (Abyss:2)
  15 salamanders
  2 manticores
  A faun (shapeshifter) (Depths:1)
  13 elephants
  5 frost giant zombies
  A stone giant skeleton (Crypt:2)
  24 moths of wrath
  An ice statue (IceCv)
  10 vault sentinels
  A rust devil (Depths:3)
  33 black mambas
  17 guardian serpents
  An eye of devastation (shapeshifter) (Depths:3)
  18 naga magi
  An apocalypse crab (Abyss:2)
  A shock serpent zombie (Crypt:3)
  A frost giant skeleton (Crypt:3)
  7 gargoyles
  16 cane toads
  4 smoke demons (Crypt:3)
  4 orange demons
  A cane toad (shapeshifter) (Depths:2)
  An emperor scorpion zombie (Crypt:1)
  An elephant slug zombie (Crypt:2)
  5 efreet
  A minotaur zombie (Crypt:1)
  6 freezing wraiths
  A minotaur skeleton (Crypt:2)
  3 ice devils
  10 rime drakes
  2 yaktaurs (shapeshifter)
  15 komodo dragons
  2 guardian mummies (D:13)
  6 red devils
  67 yaktaurs
  3 tengu conjurers
  A queen bee (shapeshifter) (Depths:3)
  A tormentor (Depths:3)
  A hydra zombie (Crypt:1)
  7 trolls
  A catoblepas skeleton (Crypt:1)
  2 wind drakes (Lair:6)
  A merfolk (D:11)
  A wind drake (shapeshifter) (Vaults:5)
  26 polar bears
  3 meliai (D:14)
  A shadow dragon simulacrum (Vaults:3)
  13 hornets
  2 tengu simulacra
  9 tyrant leeches
  2 hornets (shapeshifter)
  25 blink frogs
  A fire dragon zombie (Abyss:2)
  An ettin zombie (Crypt:2)
  2 dream sheep (Lair:5)
  36 slime creatures
  A fire giant simulacrum (Depths:3)
  2 human simulacra (Vaults:4)
  A slime creature (shapeshifter) (D:15)
  3 redbacks (Vaults:4)
  8 spriggans
  2 fire dragon skeletons (Crypt:1)
  3 air elementals
  2 large abominations (Abyss:2)
  A spriggan (shapeshifter) (Vaults:1)
  10 shadows
  8 flying skulls
  A yak (shapeshifter) (Vaults:4)
  A water elemental (Elf:1)
  2 ice dragon skeletons
  8 vampires
  An alligator skeleton (Crypt:2)
  56 yaks
  12 wraiths
  A redback (shapeshifter) (Vaults:4)
  2 fire elementals (Elf:3)
  3 ynoxinuls (Abyss:2)
  A chaos spawn (Depths:3)
  3 wyverns
  A neqoxec (Abyss:2)
  8 basilisks
  A yaktaur simulacrum (Vaults:1)
  17 vampire mosquitoes
  56 nagas
  11 wargs
  2 soldier ants
  A merfolk zombie (Crypt:1)
  11 swamp worms
  15 water moccasins
  2 acid dragons (Vaults:1)
  An infernal demonspawn zombie (Crypt:2)
  A water nymph zombie (Crypt:1)
  6 swamp drakes (Swamp:4)
  A floating eye (Depths:2)
  7 hell hounds
  A hornet zombie (D:15)
  56 orc warriors
  3 sky beasts
  3 black bears
  5 ice beasts
  A boulder beetle simulacrum (Vaults:3)
  3 necrophages
  33 ogres
  9 boggarts
  2 eyes of draining
  A snapping turtle skeleton (Crypt:2)
  21 wolves
  20 centaurs
  A kobold brigand (D:12)
  23 bullfrogs
  4 earth elementals
  17 killer bees
  12 scorpions
  2 small abominations (Abyss:2)
  A polar bear skeleton (Crypt:2)
  3 spectral wolves (Depths:4)
  11 wights
  4 howler monkeys
  7 electric eels
  3 bullfrog zombies
  3 crimson imps
  2 quasits
  15 centaur zombies
  2 black bear zombies
  5 human zombies
  18 orc priests
  7 hounds
  An iguana (D:13)
  16 jellies
  3 bullfrog skeletons
  An iron imp (D:7)
  4 centaur skeletons
  12 worker ants
  10 orc wizards
  A killer bee zombie (D:8)
  A naga zombie (Crypt:2)
  3 tengu skeletons
  3 hound skeletons
  7 mummies
  A howler monkey skeleton (D:6)
  23 adders
  6 gnolls
  A river rat (shapeshifter) (Vaults:3)
  5 scorpion zombies (Ossuary)
  A steam dragon skeleton (Crypt:2)
  2 shadow imps
  7 white imps
  5 ufetubi
  8 oozes
  An adder skeleton (D:7)
  An adder zombie (D:7)
  7 worms
  A barachi skeleton (Crypt:1)
  3 dart slugs
  4 leopard geckos
  113 orcs
  6 ball pythons (Snake:1)
  3 bats
  6 giant cockroaches
  A gnoll zombie (Ossuary)
  12 goblins
  4 hobgoblins
  14 jackals
  7 quokkas
  A ball python skeleton (D:4)
  2 frilled lizards
  A goblin zombie (Ossuary)
  3 hobgoblin zombies (Ossuary)
  9 kobolds
  3 kobold zombies (Ossuary)
  An orc zombie (Ossuary)
  A quokka zombie (D:7)
  6 rats
  A lurking horror (Abyss:2)
2579 creatures vanquished.

Vanquished Creatures (others)
  An ironheart preserver (Vaults:5)
  A draconian annihilator (Zot:1)
  A hydra (Swamp:2)
  A deep elf knight (Vaults:3)
  2 deep elf zephyrmancers
  A deep elf pyromancer (Elf:1)
  A tengu conjurer (Depths:1)
  2 bloated husks (Swamp:2)
  2 hornets
  A spriggan (Swamp:3)
  A water elemental (Elf:1)
  A naga (Snake:2)
  2 swamp worms (Swamp:4)
  An orc warrior (Vaults:5)
  A swamp drake (Swamp:4)
  A wolf (IceCv)
  A hound (D:6)
  3 orcs
  2 briar patches (Swamp:1)
  2 bushes (Lair:6)
  14 foxfires
  42 fungi
  135 plants
  2 starspawn tentacles (Abyss:2)
  3 withered plants
224 creatures vanquished.

Grand Total: 2803 creatures vanquished

Notes
Turn   | Place    | Note
-------+----------+-------------------------------------------
     0 | D:1      | timneilson the Gargoyle Fighter began the quest for the
                  | Orb.
     0 | D:1      | Reached XP level 1. HP: 14/14 MP: 1/1
   314 | D:1      | Reached XP level 2. HP: 19/19 MP: 2/2
   974 | D:1      | Reached XP level 3. HP: 23/23 MP: 3/3
  1319 | D:2      | Reached XP level 4. HP: 25/28 MP: 4/4
  1476 | D:2      | Found a bloodstained altar of Trog.
  1533 | D:2      | Found a stormy altar of Qazlal.
  2274 | D:3      | Found an ornate altar of the Wu Jian Council.
  2292 | D:3      | Reached XP level 5. HP: 33/33 MP: 5/5
  2577 | D:3      | Found a burning altar of Makhleb.
  2577 | D:3      | Noticed an Executioner
  2584 | D:3      | Noticed a ynoxinul
  2584 | D:3      | Noticed a ynoxinul
  2737 | D:4      | Found a transporter.
  2753 | D:4      | Found a transporter.
  2786 | D:4      | Noticed a centaur
  2801 | D:4      | Killed a centaur
  2947 | D:4      | Found an iron altar of Okawaru.
  2966 | D:4      | Reached XP level 6. HP: 38/38 MP: 6/6
  2977 | D:4      | Became a worshipper of Warmaster Okawaru
  3000 | D:4      | Found a bloodstained altar of Trog.
  3503 | D:4      | Found a glowing silver altar of Zin.
  3608 | D:5      | Entered Level 5 of the Dungeon
  3633 | D:5      | Reached skill level 5 in Armour
  3633 | D:5      | Reached skill level 5 in Shields
  3687 | D:5      | Reached skill level 1 in Invocations
  3856 | D:5      | Reached skill level 1 in Evocations
  3856 | D:5      | Reached XP level 7. HP: 9/43 MP: 7/7
  3974 | D:5      | Reached * piety under Okawaru
  4106 | D:5      | Found an opulent altar of Gozag.
  4864 | D:6      | Found Feuzxot's Book Emporium.
  4936 | D:6      | Found a glowing golden altar of the Shining One.
  4938 | D:6      | Noticed an angel
  4958 | D:6      | Found a basalt altar of Yredelemnul.
  4960 | D:6      | Noticed a profane servitor
  5031 | D:6      | Reached XP level 8. HP: 48/48 MP: 9/9
  5083 | D:6      | Found a hide-covered altar of Uskayaw.
  5087 | D:6      | Found Hecil's Book Shop.
  5401 | D:6      | Found Qote's Distillery.
  5764 | D:7      | Noticed a two-headed ogre
  5773 | D:7      | Killed a two-headed ogre
  5773 | D:7      | Reached ** piety under Okawaru
  5774 | D:7      | Reached skill level 5 in Fighting
  5774 | D:7      | Reached skill level 5 in Long Blades
  5774 | D:7      | Reached XP level 9. HP: 27/54 MP: 8/11
  6237 | D:7      | Reached *** piety under Okawaru
  6434 | D:7      | Found a snail-covered altar of Cheibriados.
  6751 | D:7      | Found a staircase to the Ecumenical Temple.
  6801 | D:7      | Identified the Almanac of Dusty Translocation
  7344 | D:8      | Found Tatoal's Distillery.
  7422 | D:8      | Found a sand-covered staircase.
  7469 | Ossuary  | Entered an ossuary
  7655 | Ossuary  | Reached **** piety under Okawaru
  7911 | Ossuary  | Reached XP level 10. HP: 60/60 MP: 13/13
  8288 | D:8      | Found a shadowy altar of Dithmenos.
  8288 | D:8      | Found a radiant altar of Vehumet.
  8498 | D:8      | Found Rebitzuo's General Store.
  8614 | D:8      | Found a white marble altar of Elyvilon.
  9703 | D:9      | Got an ancient chain mail
  9748 | D:9      | Reached ***** piety under Okawaru
 10591 | D:10     | Entered Level 10 of the Dungeon
 10591 | D:10     | Found a staircase to the Orcish Mines.
 10689 | D:9      | Reached skill level 5 in Invocations
 10809 | D:10     | Received a gift from Okawaru
 11037 | D:10     | Noticed Erica
 11081 | D:10     | Killed Erica
 11082 | D:10     | Reached XP level 11. HP: 47/66 MP: 8/15
 11293 | D:10     | Noticed Harold
 11308 | D:10     | Killed Harold
 11595 | D:10     | Found a staircase to the Lair.
 11988 | D:10     | Found a roughly hewn altar of Beogh.
 12314 | D:11     | Noticed Sonja
 12876 | D:9      | Killed an unseen horror
 12877 | D:9      | Reached skill level 10 in Armour
 12892 | D:11     | Noticed a two-headed ogre
 12898 | D:10     | Reached skill level 10 in Shields
 13010 | D:10     | Killed a two-headed ogre
 13011 | D:10     | Reached skill level 5 in Evocations
 13037 | D:11     | Killed Sonja
 13051 | D:11     | Noticed a five-headed hydra
 13059 | D:11     | Killed a one-headed hydra
 13096 | D:11     | Reached XP level 12. HP: 45/73 MP: 14/16
 13799 | D:12     | Received a gift from Okawaru
 14018 | Lair:1   | Entered Level 1 of the Lair of Beasts
 14100 | Lair:1   | Found a dark tunnel.
 14107 | Volcano  | Entered a volcano
 14196 | Volcano  | Noticed a sun demon
 14212 | Volcano  | Killed a sun demon
 14274 | Volcano  | Noticed a hell knight
 14291 | Volcano  | Killed a hell knight
 14963 | Lair:1   | Reached ****** piety under Okawaru
 15031 | Lair:1   | Received a gift from Okawaru
 15034 | Lair:1   | Got a transparent hat {god gift}
 15732 | Lair:2   | Found a staircase to the Swamp.
 15778 | Lair:2   | Identified the +1 chain mail "Tyes" {-Tele Str+4} (You
                  | found it on level 9 of the Dungeon)
 15959 | Lair:2   | Identified the +0 hat of Mioptap {Dex+2} (Okawaru gifted it
                  | to you on level 1 of the Lair of Beasts)
 16248 | Lair:2   | Reached XP level 13. HP: 60/79 MP: 16/18
 17328 | Lair:3   | Found a staircase to the Snake Pit.
 17717 | Lair:4   | Reached skill level 10 in Long Blades
 19645 | Lair:5   | Received a gift from Okawaru
 19658 | Lair:5   | Got a pair of fine gloves {god gift}
 20313 | Lair:6   | Entered Level 6 of the Lair of Beasts
 20353 | Lair:6   | Identified the +1 pair of gloves of Apsexomn {Dex+2}
                  | (Okawaru gifted it to you on level 5 of the Lair of Beasts)
 20429 | Lair:5   | Gained mutation: Your large and strong wings let you fly
                  | indefinitely. [Gargoyle growth]
 20429 | Lair:5   | Reached XP level 14. HP: 40/86 MP: 20/20
 21467 | Lair:6   | Received a gift from Okawaru
 21468 | Lair:6   | Found the +8 autumn katana {vorpal, Clar}
 21797 | Lair:6   | Found a staircase to the Slime Pits.
 22132 | Lair:6   | Got an ichor-stained scimitar
 22133 | Lair:6   | Identified the +7 scimitar of Destiny {flame, +Blink Dex+6}
                  | (You found it on level 6 of the Lair of Beasts)
 22370 | Lair:6   | Received a gift from Okawaru
 22400 | Lair:6   | Reached skill level 10 in Fighting
 22599 | Lair:6   | Received a gift from Okawaru
 23268 | Orc:1    | Entered Level 1 of the Orcish Mines
 23290 | Orc:1    | Reached XP level 15. HP: 89/92 MP: 22/22
 23587 | Orc:2    | Entered Level 2 of the Orcish Mines
 23629 | Orc:2    | Received a gift from Okawaru
 23686 | Orc:2    | Found a flickering gateway to a bazaar.
 23698 | Bazaar   | Entered a bazaar
 23698 | Bazaar   | Found Wary's Weapon Shoppe.
 23698 | Bazaar   | Found Natapsot's Jewellery Emporium.
 23699 | Bazaar   | Found Timpa's Magic Scroll Shoppe.
 23699 | Bazaar   | Found Riur's Distillery.
 23722 | Bazaar   | Bought a scroll of identify for 18 gold pieces
 23732 | Bazaar   | Bought the amulet of Disaster {Reflect rPois Str+3 Slay+2
                  | SH+5} for 726 gold pieces
 23747 | Bazaar   | Bought a scroll of enchant armour for 67 gold pieces
 23747 | Bazaar   | Bought a scroll of holy word for 67 gold pieces
 23747 | Bazaar   | Bought a scroll of enchant weapon for 67 gold pieces
 23761 | Bazaar   | Bought 2 potions of might for 96 gold pieces
 23761 | Bazaar   | Bought a potion of heal wounds for 60 gold pieces
 23761 | Bazaar   | Bought a potion of resistance for 120 gold pieces
 23761 | Bazaar   | Bought a potion of curing for 36 gold pieces
 23761 | Bazaar   | Bought 2 potions of heal wounds for 120 gold pieces
 23897 | Orc:2    | Found Yruvef's Antique Weapon Emporium.
 23897 | Orc:2    | Found Jaaveargh's Antique Weapon Shop.
 23926 | Orc:2    | Found a roughly hewn altar of Beogh.
 24065 | Orc:2    | Found a staircase to the Elven Halls.
 24321 | Orc:2    | Found Ihumnikk's Armour Emporium.
 24342 | Orc:2    | Found Ommus's Antique Armour Shop.
 24721 | Orc:1    | Found Gihy's Antique Armour Shoppe.
 25476 | D:13     | Noticed a ghoul
 25476 | D:13     | Noticed a ghoul
 25490 | D:13     | Killed a ghoul
 25498 | D:13     | Killed a ghoul
 25524 | D:13     | Found a frozen archway.
 25585 | IceCv    | Entered an ice cave
 25944 | IceCv    | Received a gift from Okawaru
 26175 | IceCv    | Reached skill level 10 in Invocations
 26207 | IceCv    | Noticed a frost giant
 26236 | IceCv    | Killed a frost giant
 26253 | IceCv    | Identified Ajea's Tome of the Dislocated Oath
 26501 | D:13     | Reached XP level 16. HP: 99/99 MP: 23/23
 26507 | D:13     | Found a gate to the Vaults.
 26599 | D:13     | Found a shadowy altar of Dithmenos.
 26854 | D:14     | Noticed Josephine
 26862 | D:14     | Killed Josephine
 26913 | D:14     | Noticed Agnes
 26924 | D:14     | Killed Agnes
 27252 | D:14     | Received a gift from Okawaru
 27359 | D:14     | Found a runed translucent gate.
 27360 | D:14     | Noticed GEC's ghost (journeyman DECj)
 27361 | D:14     | Found a runed translucent gate.
 27361 | D:14     | Identified the +0 tower shield of Protective Custody {Harm
                  | rN++ Int+3}
 27362 | D:14     | Found a runed translucent gate.
 27364 | D:14     | Found a roughly hewn altar of Beogh.
 27367 | D:14     | Found the +2 ratskin cloak {*Rats rPois rN+ Str-1 Int-1
                  | Dex+1}
 27594 | D:14     | Found Noux Ref's Assorted Antiques.
 27600 | D:14     | Bought a scroll of identify for 48 gold pieces
 27600 | D:14     | Bought a scroll of identify for 48 gold pieces
 27809 | D:15     | Entered Level 15 of the Dungeon
 27955 | D:15     | Reached skill level 15 in Armour
 27955 | D:15     | Reached skill level 15 in Shields
 27962 | D:15     | Found a staircase to the Depths.
 28592 | D:15     | Found a glowing golden altar of the Shining One.
 28664 | D:15     | Received a gift from Okawaru
 28665 | D:15     | Found the +7 lajatang of Order {silver, rMut}
 28930 | Depths:1 | Entered Level 1 of the Depths
 29183 | Depths:1 | Received a gift from Okawaru
 29186 | Depths:1 | Got a jewelled chain mail {god gift}
 29187 | Depths:1 | Identified the +1 chain mail of Okawaru's Reproof {rF- rC+
                  | rN+++ rCorr} (Okawaru gifted it to you on level 1 of the
                  | Depths)
 29390 | Swamp:1  | Entered Level 1 of the Swamp
 29433 | Swamp:1  | Found a transporter.
 29716 | Swamp:1  | Noticed a tentacled monstrosity
 29716 | Swamp:1  | Noticed a fenstrider witch
 29717 | Swamp:1  | Noticed a thorn hunter
 29717 | Swamp:1  | Noticed a thorn hunter
 29720 | Swamp:1  | Noticed a tentacled monstrosity
 29731 | Swamp:1  | Found a transporter.
 29784 | Swamp:1  | Reached XP level 17. HP: 100/105 MP: 25/25
 29999 | Swamp:1  | Noticed a tentacled monstrosity
 30017 | Swamp:1  | Noticed tinescath's ghost (adept DEFE)
 30019 | Swamp:1  | Found a transporter.
 30092 | Swamp:1  | Found a transporter.
 31055 | Swamp:3  | Received a gift from Okawaru
 31484 | Swamp:4  | Entered Level 4 of the Swamp
 31527 | Swamp:4  | Paralysed by a fenstrider witch for 4 turns
 31584 | Swamp:4  | Received a gift from Okawaru
 31834 | Swamp:4  | Noticed Aizul
 31847 | Swamp:4  | Killed Aizul
 31890 | Swamp:4  | Reached skill level 10 in Evocations
 31922 | Swamp:4  | Reached XP level 18. HP: 63/112 MP: 26/26
 32173 | Swamp:4  | Identified a scroll of acquirement
 32173 | Swamp:4  | Acquired the +3 kite shield of Loss {*Drain rN+++ Int-4
                  | SInv}
 32283 | Swamp:4  | Noticed the 27-headed Lernaean hydra
 32287 | Swamp:4  | Killed the 27-headed Lernaean hydra
 32305 | Swamp:4  | Got a decaying rune of Zot
 32665 | Snake:1  | Entered Level 1 of the Snake Pit
 33051 | Snake:1  | Found a runed translucent gate.
 33051 | Snake:1  | Found a runed translucent gate.
 33063 | Snake:1  | Found a runed translucent gate.
 33427 | Snake:1  | Found a runed translucent door.
 33428 | Snake:1  | Found a shimmering altar of Xom.
 33428 | Snake:1  | Identified the +6 great sword of Nisa {chaos, rElec}
 33428 | Snake:1  | Noticed Yveapn's ghost (adept MiFi)
 33596 | Snake:1  | Received a gift from Okawaru
 34914 | Snake:3  | Received a gift from Okawaru
 35183 | Snake:3  | Reached XP level 19. HP: 106/118 MP: 28/28
 35643 | Snake:4  | Entered Level 4 of the Snake Pit
 35869 | Snake:4  | Received a gift from Okawaru
 36030 | Snake:4  | Noticed Mara
 36052 | Snake:4  | Killed Mara
 36416 | Snake:4  | Reached skill level 15 in Long Blades
 36461 | Snake:4  | Received a gift from Okawaru
 37120 | Snake:4  | Got a serpentine rune of Zot
 37472 | Vaults:1 | Entered Level 1 of the Vaults
 37562 | Vaults:1 | Reached XP level 20. HP: 125/125 MP: 29/29
 37966 | Vaults:1 | Found Vute's Armour Shop.
 39233 | Vaults:2 | Received a gift from Okawaru
 40226 | Vaults:2 | Received a gift from Okawaru
 41107 | Vaults:3 | Noticed Bai Suzhen
 41121 | Vaults:3 | Killed Bai Suzhen
 41122 | Vaults:3 | Reached XP level 21. HP: 84/132 MP: 31/31
 41236 | Vaults:3 | Found a staircase to the Crypt.
 42111 | Vaults:3 | Received a gift from Okawaru
 42434 | Vaults:3 | Noticed Margery
 42456 | Vaults:3 | Killed Margery
 42735 | Vaults:4 | Received a gift from Okawaru
 43309 | Vaults:4 | Cast into level 2 of the Abyss (a deep elf sorcerer)
 43424 | Abyss:2  | Paralysed by you for 5 turns
 43620 | Vaults:4 | Escaped the Abyss
 43657 | Vaults:4 | Noticed Frederick
 43673 | Vaults:4 | Killed Frederick
 43673 | Vaults:4 | Received a gift from Okawaru
 43674 | Vaults:4 | Reached XP level 22. HP: 83/138 MP: 25/32
 45212 | Depths:1 | Found a one-way gate leading to the halls of Pandemonium.
 45485 | Depths:1 | Found Ceighoox's Jewellery Shop.
 45486 | Depths:1 | Found Ejuisas's Book Shoppe.
 45487 | Depths:1 | Found Netehut's Jewellery Shop.
 45495 | Depths:1 | Bought a manual of Long Blades for 1435 gold pieces
 45894 | Depths:1 | Found Reqiani's Assorted Antiques.
 45988 | Depths:1 | Found Dessixt's Antique Weapon Shoppe.
 46107 | Depths:1 | Found Odanlujo's Assorted Antiques.
 46112 | Depths:1 | Found Reciomp's Jewellery Shop.
 46113 | Depths:1 | Found an opulent altar of Gozag.
 46116 | Depths:1 | Bought a scroll of magic mapping for 77 gold pieces
 46226 | Depths:1 | Found a gateway to Hell.
 46300 | Depths:1 | Reached skill level 15 in Fighting
 46314 | Depths:1 | Received a gift from Okawaru
 46547 | Depths:1 | Found a viscous altar of Jiyva.
 46708 | Depths:1 | Found Osaem's Assorted Antiques.
 47219 | Depths:2 | Noticed Louise
 47221 | Depths:2 | Reached XP level 23. HP: 128/144 MP: 31/33
 47234 | Depths:2 | Killed Louise
 47319 | Depths:2 | Found a one-way gate to the infinite horrors of the Abyss.
 47445 | Depths:2 | Paralysed by a floating eye for 2 turns
 47542 | Depths:2 | Paralysed by a floating eye for 2 turns
 47561 | Depths:2 | Paralysed by a floating eye for 4 turns
 47580 | Depths:2 | Paralysed by a floating eye for 4 turns
 47632 | Depths:2 | Received a gift from Okawaru
 47910 | Depths:2 | Paralysed by a great orb of eyes for 2 turns
 48507 | Depths:2 | Found a gateway to a ziggurat.
 48961 | Depths:3 | Noticed a caustic shrike
 48961 | Depths:3 | Noticed a caustic shrike
 48961 | Depths:3 | Noticed a caustic shrike
 48961 | Depths:3 | Noticed a caustic shrike
 49200 | Crypt:1  | Entered Level 1 of the Crypt
 49896 | Crypt:1  | Reached skill level 15 in Invocations
 50267 | Crypt:2  | Noticed Naexzyxton's ghost (veteran MfWn)
 50423 | Crypt:2  | Noticed Kucw's ghost (adept GrFi)
 50423 | Crypt:2  | Noticed a royal mummy
 50428 | Crypt:2  | Found a transporter.
 50432 | Crypt:2  | Found a transporter.
 51181 | Crypt:3  | Entered Level 3 of the Crypt
 51430 | Crypt:3  | Reached XP level 24. HP: 137/152 MP: 34/34
 51505 | Crypt:3  | Received a gift from Okawaru
 51514 | Crypt:3  | Identified the +2 pair of boots of Compassion {rC+++}
                  | (Okawaru gifted it to you on level 3 of the Crypt)
 52577 | Crypt:3  | Found a staircase to the Tomb.
 52592 | Crypt:3  | Noticed an ancient lich
 52602 | Crypt:3  | Killed an ancient lich
 52859 | Crypt:3  | Identified the Catalogue of Feathers
 52874 | Crypt:3  | Noticed a dread lich
 52877 | Crypt:3  | Paralysed by a dread lich for 2 turns
 52889 | Crypt:3  | Killed a dread lich
 53726 | Depths:2 | HP: 4/152 [acid (7)]
 54172 | Depths:2 | Killed a caustic shrike
 54189 | Depths:2 | Killed a caustic shrike
 54195 | Depths:2 | Killed a caustic shrike
 54208 | Depths:2 | Killed a caustic shrike
 54222 | Depths:3 | Received a gift from Okawaru
 54264 | Depths:3 | Got a slimy double sword {god gift}
 54265 | Depths:3 | Identified the +5 double sword of Viny Guile {elec, rElec
                  | rN+ Str+2} (Okawaru gifted it to you on level 3 of the
                  | Depths)
 54507 | Depths:3 | Acquired 847 gold pieces
 55400 | Depths:3 | Found a glowing golden altar of the Shining One.
 55688 | Depths:4 | Reached XP level 25. HP: 148/157 MP: 34/34
 55739 | Depths:4 | Received a gift from Okawaru
 55969 | Depths:4 | Found a portal to a secret trove of treasure.
 56504 | Depths:4 | Found an ancient bone altar of Kikubaaqudgha.
 56516 | Depths:4 | Paralysed by a vampire knight for 4 turns
 56631 | Depths:4 | Noticed Jory
 56648 | Depths:4 | Killed Jory
 56793 | Depths:4 | You paid a toll of 3 potions of resistance to enter a
                  | treasure trove
 56794 | Trove    | Entered a treasure trove
 56820 | Trove    | Found the +7 Singing Sword {vorpal, sonic wave}
 56852 | Trove    | Got a heavily runed platinum amulet
 56878 | Trove    | Reached XP level 26. HP: 164/164 MP: 35/35
 56896 | Depths:4 | Identified the amulet of the Modern Artists {Regen+ Int+6}
                  | (You found it in a treasure trove)
 56909 | Depths:5 | Entered Level 5 of the Depths
 57099 | Depths:5 | Found Ruagh's Antique Armour Boutique.
 57101 | Depths:5 | Found Giad's Jewellery Shop.
 57103 | Depths:5 | Found Kozot's Antique Weapon Boutique.
 57157 | Depths:5 | Found a corrupted altar of Lugonu.
 57225 | Depths:5 | Found a gate to the Realm of Zot.
 57503 | Depths:5 | Received a gift from Okawaru
 58243 | Vaults:5 | Entered Level 5 of the Vaults
 58394 | Vaults:5 | Noticed an ancient lich
 58434 | Vaults:4 | Killed an ancient lich
 58434 | Vaults:4 | Received a gift from Okawaru
 58517 | Vaults:5 | Reached XP level 27. HP: 157/170 MP: 35/35
 58588 | Vaults:5 | Noticed an ancient lich
 58597 | Vaults:5 | Killed an ancient lich
 58618 | Vaults:5 | Got a silver rune of Zot
 59154 | Vaults:5 | Noticed an ancient lich
 59166 | Vaults:5 | Killed an ancient lich
 59530 | Vaults:5 | Received a gift from Okawaru
 59595 | Vaults:5 | Identified the Tome of Unholy Rites
 59619 | Vaults:5 | Identified the +1 chain mail of the Grue {Int+3} (You found
                  | it on level 5 of the Vaults)
 59689 | Vaults:5 | Identified the +3 plate armour of Bad Feelings {rCorr} (You
                  | found it on level 5 of the Vaults)
 59800 | Vaults:5 | Identified the ring of the Final Decision {Fire Stlth+}
 59803 | Vaults:5 | Found Qinoucyess's Weapon Boutique.
 60046 | Vaults:5 | Received a gift from Okawaru
 60049 | Vaults:5 | Identified the +5 plate armour "Tula" {Will- Str+9 Dex+2}
                  | (Okawaru gifted it to you on level 5 of the Vaults)
 60122 | Vaults:5 | Identified the +8 plate armour "Aleoly" {*Corrode rPois
                  | rF+++ Str+4} (You found it on level 5 of the Vaults)
 61138 | Zot:1    | Entered Level 1 of the Realm of Zot
 62432 | Zot:1    | Reached skill level 15 in Evocations
 63067 | Zot:2    | Received a gift from Okawaru
 64576 | Zot:3    | Received a gift from Okawaru
 64579 | Zot:3    | Identified the +1 long sword of Evisceration {freeze, +Inv
                  | SInv Stlth-} (Okawaru gifted it to you on level 3 of the
                  | Realm of Zot)
 65030 | Zot:3    | Got a twitching brass amulet
 65054 | Zot:3    | Identified the amulet "Kuwi" {Faith +Inv Str+3 Int-2 Dex+7}
                  | (You found it on level 3 of the Realm of Zot)
 65055 | Zot:3    | Identified the +0 pair of boots of Depression {Harm Stlth+}
                  | (You found it on level 3 of the Realm of Zot)
 66408 | Elf:1    | Entered Level 1 of the Elven Halls
 66469 | Elf:1    | Received a gift from Okawaru
 66491 | Elf:1    | Identified the +1 hat of Pases {Dex+8} (Okawaru gifted it
                  | to you on level 1 of the Elven Halls)
 66695 | Snake:1  | Killed Yveapn's ghost
 66698 | Snake:1  | Identified the +0 kite shield of Hairiness {rN+ MP+9 Str-2
                  | Int+2} (You found it on level 1 of the Snake Pit)
 66924 | D:14     | Killed GEC's ghost
 67528 | Swamp:1  | Got a brightly glowing helmet
 67529 | Swamp:1  | Identified the +0 helmet "Buick" {rN+ Str+3} (You found it
                  | on level 1 of the Swamp)
 67605 | Swamp:1  | Killed tinescath's ghost
 68161 | Crypt:2  | Killed a royal mummy
 68188 | Crypt:2  | Killed Kucw's ghost
 68219 | Crypt:2  | Killed Naexzyxton's ghost
 68978 | Elf:1    | Found Tetat's Antique Weapon Shoppe.
 68978 | Elf:1    | Found Irirasoh's Assorted Antiques.
 69213 | Elf:1    | Identified the Guide on Conjuration
 69284 | Elf:1    | Found Guet's Assorted Antiques.
 69334 | Elf:1    | Found Bykhynid's Assorted Antiques.
 69773 | Elf:2    | Found Daoviha's Distillery.
 70138 | Elf:2    | Found a huge runed translucent gate.
 70138 | Elf:2    | Found a huge runed translucent gate.
 70138 | Elf:2    | Found a huge runed translucent gate.
 70139 | Elf:2    | Found a huge runed translucent gate.
 70141 | Elf:2    | Found a huge runed translucent gate.
 70578 | Elf:3    | Entered Level 3 of the Elven Halls
 71131 | Elf:3    | Received a gift from Okawaru
 71136 | Elf:3    | Cast into level 2 of the Abyss (a deep elf sorcerer)
 71136 | Abyss:2  | Found a corrupted altar of Lugonu.
 71215 | Elf:3    | Escaped the Abyss
 71566 | Elf:3    | Found a radiant altar of Vehumet.
 71899 | Elf:3    | Identified the +9 mace "Ybaobriwn" {elec, rF++ rC-}
 71899 | Elf:3    | Identified the ring of Horan {rF- rC+ rN+ EV+4}
 71941 | Elf:3    | Cast into level 2 of the Abyss (a deep elf demonologist)
 71956 | Elf:3    | Escaped the Abyss
 71960 | Elf:3    | Identified the +9 great sword of Eternal Vigilance {speed,
                  | +Rage Str+7 SInv}
 71984 | Elf:3    | Identified the +2 quarterstaff of Offence {venom, +Inv
                  | Str+5}
 72075 | Elf:3    | Identified the Compendium of Supportive Contamination
 72901 | Zot:5    | Entered Level 5 of the Realm of Zot
 73177 | Zot:5    | Noticed an orb of fire
 73180 | Zot:5    | Gained mutation: Your magical capacity is low. (-10% MP)
                  | [an orb of fire]
 73181 | Zot:5    | Gained mutation: Your magical capacity is very low. (-20%
                  | MP) [an orb of fire]
 73191 | Zot:5    | Killed an orb of fire
 73784 | Zot:5    | Received a gift from Okawaru
 73787 | Zot:5    | Identified a +1 pair of boots of running (Okawaru gifted it
                  | to you on level 5 of the Realm of Zot)
 73798 | Zot:5    | Noticed an ancient lich
 73820 | Zot:5    | Killed an ancient lich
 73974 | Zot:5    | Noticed a dread lich
 73975 | Zot:5    | Noticed a dread lich
 73997 | Zot:5    | Killed a dread lich
 74026 | Zot:5    | Noticed an orb of fire
 74036 | Zot:5    | Noticed a dread lich
 74049 | Zot:5    | Killed an orb of fire
 74050 | Zot:5    | Noticed an orb of fire
 74050 | Zot:5    | Noticed an ancient lich
 74061 | Zot:5    | Killed an ancient lich
 74065 | Zot:5    | Killed a dread lich
 74118 | Zot:5    | Noticed a dread lich
 74121 | Zot:5    | Noticed an orb of fire
 74126 | Zot:5    | Noticed an orb of fire
 74127 | Zot:5    | Noticed a dread lich
 74148 | Zot:5    | Paralysed by a dread lich for 2 turns
 74152 | Zot:5    | Killed a dread lich
 74165 | Zot:5    | HP: 2/177 [Killer Klown/klown pie (15)]
 74166 | Zot:5    | Killed from afar by a golden dragon

Illustrated notes

Levels and vault maps discovered:
D:1:      minmay_arrival_nine_rooms, layout_basic
D:2:      layout_rooms, lightli_temple_of_fire, lemuel_altar_in_water
D:3:      layout_loops_ring, lemuel_doored_altar, makhleb_altar_promises_db
D:4:      gammafunk_steamed_eel, layout_gridville, okawaru_altar_gauntlet_db,
          zin_treasury, bloody_trog
D:5:      layout_basic, lemuel_coloured_pillars_altar
D:6:      layout_loops_ring, grunt_temple_overflow_holy_war,
          eat_drink_and_be_merry_uskayaw, serial_shops, shop,
          kennysheep_mini_moat, nicolae_shop_stone, lemuel_flamethrower_2
D:7:      black_bear_nest_1, layout_loops_corners, slow_altar_1, temple_green,
          chequers_big_river
D:8:      layout_basic, elyvilon_altar_3, gammafunk_temple_overflow_pools,
          nicolae_ossuary_entry_plus, serial_shops, nicolae_shop_crystal,
          kennysheep_little_box, kennysheep_generic_room_9
D:9:      layout_basic
D:10:     layout_cave_pools, david_lair_shrubbed, minmay_orc_entry_temple_small,
          serial_rivers, chequers_serial_rivers_marsh,
          chequers_serial_rivers_room_a, chequers_serial_rivers_marsh,
          chequers_serial_rivers_micro_e, chequers_serial_rivers_marsh,
          chequers_serial_rivers_marsh, uniq_harold, uniq_erica
D:11:     layout_cave_pools, hangedman_fish_farm, uniq_sonja
D:12:     layout_loops_ring, kennysheep_potato
D:13:     layout_big_octagon, erik_vaults_1, serial_undead, serial_undead_d,
          serial_undead_f, serial_undead_e, serial_undead_e,
          portal_ice_cave_demonic_guard, grunt_dithmenos_smoke
D:14:     layout_basic, biasface_ghost_orc_armoury, serial_shops, shop,
          chequers_serial_rivers_small_b, uniq_agnes, uniq_josephine
D:15:     gammafunk_enter_depths_forms, layout_loops_ring, tso_altar
Lair:1:   layout_cave_pods, nicolae_volcano_entry_s_turn, grunt_megastairs_5,
          lemuel_fruit_tree
Lair:2:   layout_cave_shapes, swamp_mist, nicolae_quartered_pool_medium,
          hangedman_lair_generics_rect
Lair:3:   layout_cave_pods, guppyfry_snake_entry_island
Lair:4:   layout_cave_pods, beast_lair_carwin_6
Lair:5:   nzn_winding_woodlands_three_and_one
          [nzn_winding_woodlands_5x15_lazy_stream,
          nzn_winding_woodlands_5x15_crooked, nzn_winding_woodlands_5x15_eye,
          nzn_winding_woodlands_center_pierced_h], layout_regular_city
Lair:6:   gammafunk_lair_ancient_temple, layout_layer_cave,
          nicolae_slime_entry_slimehenge, serial_bayou_ford_a,
          grunt_forest_large_clearing_hut, infiniplex_staircase_pool_2
Swamp:1:  gammafunk_sealed_arena, layout_falls_marsh, gammafunk_ghost_arena,
          nicolae_swamp_dense_foliage, nicolae_swamp_baby_hydras
Swamp:2:  layout_basic_swamp, evilmike_swamp_ruin_house_6
Swamp:3:  layout_falls_marsh, evilmike_swamp_ruin_rubble_1
Swamp:4:  grunt_swamp_rune_castle, layout_basic_swamp, swamp_pool2, uniq_aizul
Snake:1:  layout_grid_maze, ebering_ghost_xom, nicolae_snake_horde_hoard
Snake:2:  layout_rooms, st_stairs_1, grunt_ministairs_9
Snake:3:  layout_layer_cave, nicolae_snake_shapes, grunt_megastairs_2
Snake:4:  grunt_snake_rune_serpentine_throne, layout_misc_corridors,
          serial_bayou_shore_a, uniq_mara
Orc:1:    layout_caves, serial_shops, shop
Orc:2:    st_orc_town, layout_caves, serial_shops, bzr_in_the_mist
Elf:1:    elf_arrival_002, layout_gridlike, serial_shops,
          nicolae_shop_behind_doors, shop_statue, minmay_elf_annihilation,
          st_stairs_13, minmay_shoptagon
Elf:2:    layout_geoelf_octagon, serial_shops, shop, serial_corexii_hall,
          chequers_hall_statues_corner_a, chequers_hall_statues_y,
          corexii_hall_statues_t
Elf:3:    minmay_elf_hall_statues, layout_gridlike, basic_altar,
          guppyfry_elf_garden, hangedman_decor_cross_pass
Vaults:1: grunt_vaults_funnel, nicolae_vaults_disjoint_gnomons,
          vaults_room_pool, vaults_standard_mumra_x, nicolae_vaults_theta,
          vaults_mumra_lcd, vaults_standard_mumra_enter_the_diamond,
          nicolae_vaults_rhombus_7, nicolae_vaults_an_arrangement,
          ontoclasm_vaults_eye, v_misc_3, vaults_dpeg_spiral,
          layout_vaults_omnibox, serial_shops, shop
Vaults:2: v_misc_4, nicolae_vaults_little_squares_3, v_misc_30,
          nicolae_vaults_ninety_degrees, v_rooms_5, vaults_room_stairs_pillars,
          vaults_standard_mumra_enter_the_diamond, nicolae_vaults_shelves_hall,
          ontoclasm_vaults_shuriken, ontoclasm_vaults_chip, v_misc_25,
          ontoclasm_vaults_gateway, grunt_vaults_hallway_long,
          layout_vaults_ring
Vaults:3: minmay_crypt_entry_simple_sparse, nicolae_vaults_network_quinsquares
          [nicolae_vaults_network_quincunx_subvault,
          nicolae_vaults_network_quincunx_subvault,
          nicolae_vaults_network_quincunx_subvault,
          nicolae_vaults_network_quincunx_subvault], v_pattern_4,
          vaults_mumra_hex, nicolae_vaults_gold_heap, v_misc_11,
          vaults_room_large_hall, vaults_room_fours, hangedman_vaults_cutoff,
          v_misc_24, layout_vaults_big_room, uniq_margery, uniq_bai_suzhen
Vaults:4: v_alt_pattern_1, v_misc_2, ontoclasm_vaults_ligature,
          hangedman_vaults_trim, nicolae_vaults_network_periphery, v_misc_16,
          hangedman_vaults_unwind, v_misc_16, nicolae_vaults_quadrants,
          nicolae_vaults_yaktaur_gun_rack, nicolae_vaults_circle_grid_a,
          ontoclasm_vaults_loading_screen, vaults_standard_mumra_lines,
          v_misc_25, layout_vaults_big_cross, uniq_frederick
Vaults:5
Crypt:1:  layout_rooms, grunt_megastairs_4, grunt_crypt_arrival_split
Crypt:2:  layout_chaotic_city, nzn_ghost_randoct, minicrypt_bobbens
Crypt:3:  quadcrypt_mu
Depths:1: layout_gridville, special_room [special_room_jelly], grunt_metal_band,
          lemuel_crystal_altar, serial_shops, kennysheep_mini, shop, shop, shop,
          shop, rand_demon_pan_entry_4, drop_trap,
          chequers_serial_rivers_small_3, minmay_pinched_square,
          kennysheep_random_hallway, minmay_shop_grove
Depths:2: grunt_deathspiral_small, layout_honeycomb, enter_ziggurat_b,
          nicolae_abyss_entry_one_way_or_another, hell_entry, roderic_lattice_a
Depths:3: wander_protected_by_tso, layout_gridlike, grunt_pan_entry_in_and_out,
          grunt_hell_entry_dis_grunt, minmay_stone_trees_medium,
          minmay_staircase_bubble
Depths:4: lemuel_vampire_tower, layout_basic, enter_trove_1, bh_walls_and_bars,
          abyss_entry_crystal, hell_entry, infiniplex_staircase_trident
Depths:5: grunt_crosshair, layout_gridville, abyss_entry_flame_altar,
          pf_dread_powers_of_hell, serial_sigils_hangedman_scar,
          minmay_shop_star, infiniplex_staircase_pool_lava
Zot:1:    kennysheep_ambush_hall, layout_cellular_growth
Zot:2:    layout_gridlike
Zot:3:    layout_gridlike
Zot:4:    layout_gridlike
Zot:5:    layout_misc_corridors, grunt_ministairs_12

Skill      XL: |  1  2  3  4  5  6  7  8  9 10 11 12 13 14 15 16 17 18 19 20 21 22 23 24 25 26 27 |
---------------+----------------------------------------------------------------------------------+-----
Long Blades    | 2 3 4 5 6 7 8 9 10 11 12 13 14 15 16 17 18 20 23 | 23.1
Shields        | 4 5 6 8 9 10 11 12 13 14 15 16 17 18 19 20 21 22 25 | 25.4
Armour         | 4 5 6 8 9 10 11 12 13 14 15 16 17 18 19 20 21 22 25 | 25.4
Fighting       | 4 5 6 7 8 9 10 11 12 13 14 15 16 19 | 19.3
Invocations    | 1 2 3 4 5 6 7 8 9 10 11 12 13 14 15 16 18 | 18.9
Evocations     | 1 2 3 4 5 6 7 8 9 10 11 12 13 14 16 | 16.5

Action                   |  1- 3 |  4- 6 |  7- 9 | 10-12 | 13-15 | 16-18 | 19-21 | 22-24 | 25-27 || total
-------------------------+-------+-------+-------+-------+-------+-------+-------+-------+-------++-------
Melee: Long sword        |    78 |   261 |   460 |   473 |       |       |       |       |       ||  1272
       Scimitar          |       |       |       |   606 |   599 |    74 |       |       |       ||  1279
       Katana            |       |       |       |       |   847 |  1286 |  1504 |  1922 |  2829 ||  8388
Invok: Heroism           |       |       |     1 |    15 |    21 |    10 |    19 |    22 |    43 ||   131
       Finesse           |       |       |       |     2 |     1 |     3 |     8 |    10 |    19 ||    43
 Abil: Fly               |       |       |       |       |     2 |       |       |     1 |     1 ||     4
       Stop Flying       |       |       |       |       |     1 |       |       |     1 |     2 ||     4
Evoke: Tin of tremorston |       |       |       |       |       |     2 |       |     1 |       ||     3
       Condenser vane    |       |       |       |       |       |     1 |     1 |       |     2 ||     4
       Wand              |       |       |       |       |       |       |       |       |     1 ||     1
  Use: Scroll            |     3 |     7 |     9 |    10 |     9 |     7 |     5 |     9 |    36 ||    95
       Potion            |       |       |     2 |     6 |     2 |     3 |     3 |     2 |    13 ||    31
 Stab: Invisible         |       |       |       |       |       |       |     2 |       |       ||     2
       Paralysed         |       |       |       |       |       |       |     2 |       |       ||     2
       Petrified         |       |       |       |       |       |       |     1 |       |       ||     1
       Distracted        |       |       |       |       |       |       |       |     1 |       ||     1
Armor: Scale mail        |    57 |    28 |       |       |       |       |       |       |       ||    85
       Chain mail        |       |   145 |   293 |   134 |       |       |       |       |       ||   572
       Plate armour      |       |       |       |   615 |   560 |   737 |   443 |   539 |   146 ||  3040
       Gold dragon scale |       |       |       |       |       |       |       |       |  1095 ||  1095
Dodge: Dodged            |    43 |    72 |   123 |   273 |   274 |   349 |   224 |   191 |   423 ||  1972
Block: Kite shield       |    47 |   174 |   313 |   880 |  1001 |  1365 |  1316 |  1484 |  2645 ||  9225
       Reflection        |       |       |       |       |    20 |    82 |   127 |    49 |   133 ||   411
       Rpst.: Long sword |    16 |    26 |    47 |    35 |       |       |       |       |       ||   124
       Scimitar          |       |       |       |    34 |    36 |     5 |       |       |       ||    75
       Katana            |       |       |       |       |    30 |    55 |    39 |    43 |    68 ||   235

Table legend: (Time is in decaauts)
 A = Elapsed time spent in this place.
 B = Non-inter-level travel time spent in this place.
 C = Inter-level travel time spent in this place.
 D = Time resting spent in this place.
 E = Time spent auto-exploring this place.
 F = Levels seen in this place.
 G = Mean time per level.
                   A        B        C        D        E       F      G
               +--------+--------+--------+--------+--------+-----+--------+
         Total |  70814 |  64728 |   6086 |   3620 |  44743 |  60 | 1180.2 |
       Dungeon |  18690 |  16502 |   2188 |    692 |  11795 |  15 | 1246.0 |
          Lair |   9117 |   8541 |    576 |    785 |   6138 |   6 | 1519.5 |
         Swamp |   3413 |   3152 |    261 |    367 |   1893 |   4 |  853.2 |
     Snake Pit |   4379 |   4095 |    284 |    257 |   2834 |   4 | 1094.8 |
  Orcish Mines |   1399 |   1236 |    163 |      0 |    818 |   2 |  699.5 |
   Elven Halls |   3721 |   3498 |    223 |    202 |   2230 |   3 | 1240.3 |
        Vaults |   9983 |   8755 |   1228 |    373 |   6300 |   5 | 1996.6 |
         Crypt |   4212 |   3913 |    299 |    223 |   2733 |   3 | 1404.0 |
        Depths |   8016 |   7332 |    684 |    423 |   5262 |   5 | 1603.2 |
           Zot |   5821 |   5644 |    177 |    168 |   4136 |   5 | 1164.2 |
         Abyss |    367 |    367 |      0 |      0 |      0 |   3 |  122.3 |
        Bazaar |     71 |     71 |      0 |      0 |      0 |   1 |   71.0 |
         Trove |     99 |     99 |      0 |      0 |      0 |   1 |   99.0 |
       Ossuary |    603 |    603 |      0 |     61 |    222 |   1 |  603.0 |
      Ice Cave |    633 |    633 |      0 |     68 |    240 |   1 |  633.0 |
       Volcano |    283 |    283 |      0 |      0 |    141 |   1 |  283.0 |
               +--------+--------+--------+--------+--------+-----+--------+

Top non-repeatable levels by time:
    D:10: 2637 daAuts
Vaults:5: 2178 daAuts
Depths:1: 2177 daAuts
  Lair:5: 2175 daAuts
Vaults:4: 2173 daAuts
Depths:2: 2157 daAuts
 Crypt:3: 2001 daAuts
Vaults:2: 1956 daAuts
  Lair:6: 1917 daAuts
Vaults:3: 1910 daAuts
   Zot:1: 1860 daAuts
Vaults:1: 1764 daAuts
     D:7: 1714 daAuts
     D:9: 1703 daAuts
   Elf:3: 1507 daAuts
